 Dungeon Crawl Stone Soup version 0.14-a0-2542-g51e44bb (webtiles) character file.

318 Kae the Ruinous (level 5, -4/38 HPs)
             Began as a Draconian Conjurer on Feb 10, 2014.
             Slain by an ice beast (14 damage)
             ... on Level 5 of the Dungeon.
             The game lasted 00:06:51 (3416 turns).

Kae the Ruinous (Draconian Conjurer)                Turns: 3416, Time: 00:06:52

HP  -4/38        AC  5     Str 11      XL: 5   Next: 36%
MP   0/9         EV 12     Int 16      God:
Gold 134         SH  0     Dex 11      Spells:  2 memorised,  6 levels left

rFire  . . .     SeeInvis .     p - +3,+4 elf cutlass
rCold  . . .     Clarity  .     (armour unavailable)
rNeg   . . .     Conserve .     (no shield)
rPois  +         rCorr    .     (helmet restricted)
rElec  .         rRot     .     (no cloak)
SustAb . .       Spirit   .     (no gloves)
rMut   .         Warding  .     (no boots)
Saprov . . .     Stasis   .     (no amulet)
MR     .....                    l - ring of poison resistance
                                q - ring of sustenance

@: slowed, very slow, not resistant to hostile enchantments, unstealthy
A: unfitting armour, fangs 1, AC +5
a: no special abilities


You were on level 5 of the Dungeon.
You were not hungry.

You visited 1 branch of the dungeon, and saw 5 of its levels.

You collected 134 gold pieces.

Inventory:

Hand weapons
 p - a +3,+4 elven cutlass (weapon)
Magical devices
 d - a wand of polymorph (22) {unknown}
 g - a wand of frost (8) {unknown}
 r - a wand of fire (11) {unknown}
Comestibles
 b - a bread ration
 f - a snozzcumber
 j - 2 meat rations
 s - a chunk of kobold flesh
 t - a chunk of jackal flesh
Scrolls
 h - 2 scrolls of remove curse {unknown}
 i - a scroll of fog
Jewellery
 e - an uncursed ring of protection from magic
 l - a ring of poison resistance (right hand)
 q - a ring of sustenance (left hand)
Potions
 a - a potion of berserk rage {unknown}
 k - a potion of brilliance
 m - 4 potions of curing
Books
 c - a book of Conjurations

   Spells                             Type                      Level
   *Magic Dart                        Conjuration                  1
   *Searing Ray                       Conjuration                  2
   Dazzling Spray                     Conjuration/Hexes            3
   Iskenderun's Mystic Blast          Conjuration                  4
   Iskenderun's Battlesphere          Conjuration/Charms           4
   Fulminant Prism                    Conjuration/Hexes            5


   Skills:
 - Level 1.7 Dodging
 - Level 1.7 Stealth
 + Level 2.7 Spellcasting
 * Level 6.3 Conjurations


You had 6 spell levels left.
You knew the following spells:

 Your Spells              Type           Power        Failure   Level  Hunger
a - Magic Dart            Conj           ###.         1%          1    #......
b - Searing Ray           Conj           ###...       1%          2    ##.....


Dungeon Overview and Level Annotations

Branches:
Dungeon (5/16)
 Temple: D:4-7

Altars:
Cheibriados
Dithmengos
Kikubaaqudgha
Okawaru
The Shining One

Annotations:
D:3 Purgy


Innate Abilities, Weirdness & Mutations

Your plain brown scales are hard (AC +5).
Your body does not fit into most forms of armour.
Your cold-blooded metabolism reacts poorly to cold.
You have very sharp teeth.


Message History

The ice beast misses you.
Casting: Magic Dart
Confirm with . or Enter, or press ? or * to list all spells.
Aiming: Magic Dart
Press: ? - help, Shift-Dir - straight line, f/p - ice beast
Aim: an ice beast (moderately wounded)
The magic dart hits the ice beast.
The ice beast is moderately wounded.
The ice beast hits you. The ice beast freezes you!
You feel yourself slow down.
Casting: Magic Dart
Confirm with . or Enter, or press ? or * to list all spells.
Aiming: Magic Dart
Press: ? - help, Shift-Dir - straight line, f/p - ice beast
Aim: an ice beast (moderately wounded)
The magic dart hits the ice beast.
The ice beast is severely wounded.
The ice beast hits you.
* * * LOW HITPOINT WARNING * * *
The ice beast freezes you!
You die...

#..# #..# #... #..# #..#
#...
#######..#####..######...
#........................
#..............#####.....
########......## ###...
#.....## #..# #.....#
#..# #@....# #..#
#......%I....# #..#
............# #..#
.........#### #..#
.......[.# #..# ........#
#..# .......# ... ......#
... ... ..#


You could see an ice beast.

Vanquished Creatures
  A hound (D:5)
  An iguana (D:5)
  4 adders
  An inept feature mimic (D:3)
  2 worms
  An ooze (D:2)
  4 giant geckos
  11 goblins
  3 hobgoblins
  13 jackals
  A quokka (D:2)
  A ball python (D:1)
  10 bats
  2 giant cockroaches
  3 giant newts
  7 kobolds
  A kobold skeleton (D:5)
  8 rats
  A rat zombie (D:5)
75 creatures vanquished.

Notes
Turn   | Place    | Note
--------------------------------------------------------------
     0 | D:1      | Kae, the Draconian Conjurer, began the quest for the Orb.
     0 | D:1      | Reached XP level 1. HP: 14/14 MP: 3/3
   318 | D:1      | Reached XP level 2. HP: 17/20 MP: 0/4
   326 | D:1      | HP: 1/20 [goblin/club (6)]
  1135 | D:2      | Reached skill level 5 in Conjurations
  1160 | D:2      | Reached XP level 3. HP: 26/26 MP: 3/6
  1814 | D:2      | Reached XP level 4. HP: 25/33 MP: 1/7
  1976 | D:3      | Learned a level 2 spell: Searing Ray
  2025 | D:3      | Found a snail-covered altar of Cheibriados.
  2080 | D:3      | Found an iron altar of Okawaru.
  2134 | D:3      | Noticed Purgy
  2135 | D:3      | Gained mutation: You have very sharp teeth. [potion of beneficial mutation]
  2386 | D:3      | Found an ancient bone altar of Kikubaaqudgha.
  2562 | D:3      | Reached skill level 6 in Conjurations
  2942 | D:5      | Entered Level 5 of the Dungeon
  2948 | D:5      | Reached XP level 5. HP: 27/38 MP: 1/9
  3054 | D:5      | Found a glowing golden altar of the Shining One.
  3222 | D:5      | Found a shadowy altar of Dithmengos.
  3406 | D:5      | Noticed an ice beast
  3416 | D:5      | Slain by an ice beast

Action                   |  1- 3 |  4- 6 || total
-------------------------+-------+-------++-------
Melee: Unarmed           |   193 |    57 ||   250
       Cutlass           |       |     4 ||     4
 Cast: Magic Dart        |    75 |    72 ||   147
       Searing Ray       |       |     2 ||     2
  Use: Scroll            |     7 |     3 ||    10
       Potion            |     1 |     1 ||     2
